AoeStats
← Oscar Romaci

Black Forest

509753367Analyzed
3v3 RM · 3d ago on Sep 27, 2026· 61m 13s· 6 players
Game mode
Random Map
Map size
Normal (6 player)
Population
200
Speed
Normal
Resources
Standard
Victory
Conquest
Starting age
Dark Age
Ending age
Imperial Age
RankedLock teamsTeams togetherTeam positionsShared explorationLock speedFull tech treeHidden civsTurbo modeCheats
Victory
Defeat
🇺🇾 Khmer · Uruguay
772
+13
🇺🇾 Britons · Uruguay
690
+17
🇺🇾 Franks · Uruguay
681
+17
🇨🇦 Bohemians · Canada
739
-17
🇦🇷 Khmer · Argentina
693
-15
🇲🇽 Bohemians · Mexico
689
-21
Oscar Romaci
12:16 Feudal Age
15:45 Wheelbarrow
23:12 Castle Age
27:32 Double-Bit Axe
30:07 Bow Saw
30:40 Caravan
34:48 Horse Collar
35:29 Hand Cart
40:51 Imperial Age
38:36 Siphons
38:31 Murder Holes
41:52 Chemistry
43:25 Forging
43:06 Fletching
43:17 Padded Archer Armor
43:27 Scale Barding Armor
43:24 Scale Mail Armor
43:33 Wagenburg Tactics
45:50 Two-Man Saw
46:24 Incendiaries
46:07 Guard Tower
47:03 Heavy Plow
47:59 Arson
48:19 Squires
48:59 Iron Casting
48:20 Bodkin Arrow
48:42 Leather Archer Armor
48:43 Chain Mail Armor
48:49 Chain Barding Armor
48:43 Husbandry
52:29 Bombard Tower
52:47 Keep
51:58 Arrowslits
52:33 Masonry
52:45 Ballistics
53:39 Blast Furnace
52:40 Bracer
53:12 Ring Archer Armor
53:14 Plate Mail Armor
52:54 Houfnice
57:11 Cavalier
57:28 Sappers
58:40 Fortified Wall
59:10 Architecture
60:01 Conscription
madagascart
3:08 Loom
12:18 Feudal Age
18:54 Castle Age
22:13 Wheelbarrow
28:18 Town Watch
29:55 Scale Barding Armor
30:01 Forging
35:45 Imperial Age
35:09 Hand Cart
34:46 Double-Bit Axe
36:38 Iron Casting
36:04 Scale Mail Armor
36:36 Wagenburg Tactics
37:16 Fervor
38:04 Elite Hussite Wagon
39:47 Chain Mail Armor
40:33 Blast Furnace
44:11 Bow Saw
43:49 Horse Collar
46:16 Chemistry
45:37 Ballistics
45:43 Conscription
General Patton
3:28 Loom
15:21 Feudal Age
21:13 Castle Age
19:56 Double-Bit Axe
21:38 Town Watch
22:30 Wheelbarrow
26:35 Bow Saw
33:21 Imperial Age
33:46 Hand Cart
33:41 Town Patrol
35:22 Chemistry
35:54 Horse Collar
36:45 Conscription
38:17 Fortified Wall
41:55 Masonry
43:29 Heavy Plow
42:54 Elite Battle Elephant
44:18 Guard Tower
44:49 Ballistics
45:31 Caravan
46:02 Coinage
46:53 Hoardings
46:08 Heavy Scorpion
50:06 Pikeman
MDL
0:49 Loom
12:56 Feudal Age
17:39 Fletching
24:15 Castle Age
22:44 Gold Mining
23:22 Double-Bit Axe
23:54 Horse Collar
25:22 Wheelbarrow
25:11 Heavy Plow
28:11 Bloodlines
28:50 Gold Shaft Mining
30:40 Bodkin Arrow
30:56 Caravan
31:54 Forging
31:50 Scale Barding Armor
31:49 Husbandry
32:36 Hand Cart
32:11 Town Watch
32:43 Padded Archer Armor
32:39 Stone Mining
33:59 Bow Saw
34:55 Light Cavalry
38:17 Imperial Age
37:03 Town Patrol
38:04 Iron Casting
40:10 Chain Barding Armor
39:54 Bracer
41:54 Chemistry
41:22 Chain Barding Armor
41:12 Hussar
42:16 Conscription
42:42 Crop Rotation
43:11 Double Crossbow
44:22 Blast Furnace
44:47 Elite Ballista Elephant
46:24 Capped Ram
48:38 Leather Archer Armor
48:50 Siege Ram
55:20 Plate Barding Armor
55:16 Ring Archer Armor
55:29 Hoardings
AdrianCNdeF
0:29 Loom
14:34 Feudal Age
22:35 Wheelbarrow
22:05 Double-Bit Axe
26:36 Castle Age
26:12 Scale Barding Armor
26:21 Gold Mining
26:21 Stone Mining
27:43 Bow Saw
30:41 Gold Shaft Mining
29:57 Stone Mining
32:31 Hand Cart
34:25 Chain Barding Armor
37:14 Imperial Age
36:49 Coinage
36:22 Caravan
36:50 Scale Mail Armor
37:01 Forging
37:14 Town Watch
37:50 Fervor
38:04 Chain Mail Armor
37:59 Husbandry
37:20 Cavalier
39:15 Banking
40:42 Chivalry
40:04 Ordonnance Companies
41:25 Iron Casting
42:13 Plate Barding Armor
43:12 Paladin
46:10 Blast Furnace
45:42 Plate Mail Armor
46:25 Devotion
diego09caldinelli
0:50 Loom
11:10 Feudal Age
12:36 Wheelbarrow
13:02 Town Watch
14:24 Horse Collar
14:41 Gold Mining
18:32 Padded Archer Armor
18:23 Fletching
20:16 Double-Bit Axe
23:56 Castle Age
24:46 Heavy Plow
25:07 Caravan
26:06 Bodkin Arrow
26:26 Leather Archer Armor
26:36 Bow Saw
28:10 Stone Mining
28:56 Gold Shaft Mining
32:44 Hand Cart
35:34 Ballistics
38:08 Imperial Age
36:53 Yeomen
40:07 Chemistry
38:54 Elite Longbowman
39:38 Warwolf
39:48 Bracer
40:19 Ring Archer Armor
42:27 Conscription
48:43 Capped Ram
Connection lost

Rejoining the realm…

Still unreachable

The connection could not be restored.

Session expired

The server has moved on; the page needs a fresh start.